AoeStats
← SUDOX

Arabia

510900052Analyzed
1v1 RM · 8h ago on Oct 3, 2026· 46m 18s· 2 players
Game mode
Random Map
Map size
Tiny (2 player)
Population
200
Speed
Normal
Resources
Standard
Victory
Conquest
Starting age
Dark Age
Ending age
Imperial Age
RankedLock teamsTeams togetherTeam positionsShared explorationLock speedFull tech treeHidden civsTurbo modeCheats
Victory
Defeat
🇲🇦 Persians · Morocco
1784
+16
🇨🇳 Tatars · China
1781
-16
精锐菜鸟
7:23 Loom
9:33 Feudal Age
10:34 Double-Bit Axe
14:02 Horse Collar
18:44 Fletching
22:31 Castle Age
21:53 Padded Archer Armor
22:41 Crossbowman
23:17 Bodkin Arrow
24:24 Ballistics
26:25 Bow Saw
26:32 Scale Barding Armor
28:07 Wheelbarrow
30:23 Bloodlines
32:37 Gold Mining
32:38 Stone Mining
37:08 Imperial Age
35:27 Town Watch
36:04 Chain Barding Armor
36:31 Husbandry
37:43 Forging
38:54 Conscription
38:00 Heavy Camel Rider
38:49 Cavalier
40:15 Hand Cart
43:21 Plate Barding Armor
44:12 Bracer
44:14 Light Cavalry
45:39 Leather Archer Armor
46:26 Chemistry
SUDOX
6:28 Loom
8:40 Feudal Age
9:03 Double-Bit Axe
16:03 Fletching
21:49 Castle Age
21:32 Padded Archer Armor
22:12 Bodkin Arrow
21:51 Crossbowman
22:01 Elite Skirmisher
22:22 Light Cavalry
24:02 Bow Saw
26:00 Horse Collar
27:10 Heavy Plow
30:38 Ballistics
32:09 Town Watch
33:22 Wheelbarrow
37:13 Imperial Age
36:06 Bloodlines
36:06 Scale Barding Armor
35:55 Gold Mining
37:40 Chain Barding Armor
38:42 Chemistry
38:15 Husbandry
38:12 Heavy Camel Rider
40:46 Plate Barding Armor
40:58 Forging
42:37 Stone Mining
43:23 Gold Shaft Mining
44:58 Leather Archer Armor
46:12 Iron Casting
Connection lost

Rejoining the realm…

Still unreachable

The connection could not be restored.

Session expired

The server has moved on; the page needs a fresh start.